 Dungeon Crawl Stone Soup version 0.29-a0-819-g94b489e0ae (console) character file.

Game seed: 9315865671050124308

1558 om the Covert (level 8, -3/41 HPs)
             Began as a Vampire Enchanter on July 6, 2022.
             Slain by a komodo dragon (7 damage)
             ... on level 6 of the Dungeon.
             The game lasted 00:16:46 (5995 turns).

om the Covert (Vampire Enchanter)                   Turns: 5995, Time: 00:16:46

Health: -3/41      AC:  8    Str:  7    XL:     8   Next: 58%
Magic:  8/11       EV: 12    Int: 17    God:
Gold:   294        SH:  0    Dex: 17    Spells: 1/11 levels left

rFire   + . .      SeeInvis +   h - +0 dagger (venom)
rCold   + + .      Faith    .   (no shield)
rNeg    + + +      Spirit   .   y - +0 troll leather armour {Pargi}
rPois   ∞          Reflect  .   d - +0 helmet
rElec   .          Harm     .   i - +2 cloak {Stlth+}
rCorr   .          Rampage  .   (no gloves)
Will    .....                   (no boots)
Stlth   +++++++...              (no amulet)
HPRegen 0.00/turn               a - ring of protection from fire
MPRegen 0.12/turn               (no ring)

@: confusing by touch, bloodless, inhibited regen
A: bloodless, fangs 3, see invisible, vampiric 2
a: Bat Form, Revivify


You were on level 6 of the Dungeon.
You visited 1 branch of the dungeon, and saw 6 of its levels.

You collected 294 gold pieces.

Inventory:

Hand Weapons
 h - a +0 dagger of venom (weapon)
 E - a +0 rapier
Missiles
 p - a throwing net (quivered)
Armour
 d - a +0 helmet (worn)
 i - a +2 cloak of stealth (worn)
 y - a +0 troll leather armour (worn) {Pargi}
Magical Staves
 f - a staff of conjuration
 j - a staff of poison
Jewellery
 a - a ring of protection from fire (left hand)
 e - a ring of ice
 w - a ring of fire
 F - a +6 ring of dexterity
Wands
 c - a wand of flame (6)
 A - a wand of digging (5)
Scrolls
 b - a scroll of enchant weapon {unknown}
 g - 2 scrolls of poison
 k - a scroll of noise
 l - 2 scrolls of magic mapping
 m - 2 scrolls of immolation
 n - a scroll of fog {unknown}
 u - 2 scrolls of teleportation {unknown}
 v - 2 scrolls of enchant armour {unknown}
 x - a scroll of brand weapon {unknown}
 B - a scroll of torment {unknown}
Potions
 o - a potion of attraction
 q - 7 potions of heal wounds {unknown}
 r - a potion of ambrosia {unknown}
 s - a potion of degeneration {unknown}
 t - a potion of curing {unknown}
 z - a potion of haste {unknown}
 C - a potion of cancellation {unknown}
 D - a potion of brilliance


   Skills:
 * Level 8.3 Short Blades
 * Level 3.5 Armour
 - Level 3.0 Dodging
 * Level 10.0 Stealth
 - Level 2.0 Spellcasting
 - Level 5.0 Hexes


You had one spell level left.
You knew the following spells:

 Your Spells              Type           Power      Damage    Failure   Level
a - Slow                  Hex            72%        N/A       3%          1
b - Ensorcelled Hibernat  Hex/Ice        20%        N/A       16%         2
c - Confusing Touch       Hex            18%        N/A       11%         3
d - Magic Dart            Conj           4%         1d3       28%         1
e - Tukima's Dance        Hex            18%        N/A       11%         3

Your spell library contained the following spells:

 Spells                   Type           Power      Damage    Failure   Level
 Apportation              Tloc           2%         N/A       28%         1
 Necrotise                Necr           4%         1d4       28%         1
 Summon Small Mammal      Summ           4%         N/A       28%         1
 Dazzling Flash           Conj/Hex       20%        N/A       30%         3
 Call Imp                 Summ           1%         N/A       38%         2
 Mephitic Cloud           Conj/Pois/Air  1%         N/A       63%         3
 Vampiric Draining        Necr           1%         2d6       63%         3


Dungeon Overview and Level Annotations

Branches:
Dungeon (6/15)             Temple (0/1) D:5

Altars:


Innate Abilities, Weirdness & Mutations

You do not regenerate when monsters are visible.
You are frail without blood (-20% HP).
You can heal yourself when you bite living creatures.
You are immune to poison.
You have razor-sharp teeth.
You have supernaturally acute eyesight. (SInv)
You are afflicted with vampirism and can become a bat while bloodless.


Message History

You see here a +0 chain mail.
There is a stone staircase leading down here.
Things that are here:
a +0 halberd; a gnoll corpse
Things that are here:
a +0 flail; a gnoll corpse
Things that are here:
a +1 spear of venom; a gnoll corpse Done exploring.
Done exploring.
(D) Dungeon (T) Temple
Where to? (Enter - D:5, ? - help)
There is a stone staircase leading down here.
You climb downwards.
The komodo dragon hisses angrily.
Found a scroll labelled HUPSYO LIOSM.
There is a stone staircase leading up here.
A komodo dragon is nearby!
Casting: Ensorcelled Hibernation (safe; 16% risk of failure)
Confirm with . or Enter, or press ? or * to list all spells.
Aiming: Ensorcelled Hibernation (safe; 16% risk of failure)
Press: ? - help, Shift-Dir - straight line, f - komodo dragon
Aim: a komodo dragon (chance to affect: 27%)
Okay, then.
Casting: Ensorcelled Hibernation (safe; 16% risk of failure)
Confirm with . or Enter, or press ? or * to list all spells.
Your hands begin to glow red.
You barely miss the komodo dragon.
You bite the komodo dragon, but do no damage.
You hit the komodo dragon but do no damage.
The komodo dragon bites you!!
You hit the komodo dragon but do no damage.
You hit the komodo dragon but do no damage.
The komodo dragon bites you!
* * * LOW HITPOINT WARNING * * *
You hit the komodo dragon but do no damage.
You bite the komodo dragon, but do no damage.
You hit the komodo dragon but do no damage.
The komodo dragon bites you!
You die...

..... .### .#
#.... ...####.#
.....##...#....
. ....#......
......#..... ..
....#.....#....
...............
......l@#
...?...##
......# .....#
#.... #... ##.
..


You could see a komodo dragon.

Vanquished Creatures
  Grinder (D:4)
  Sigmund (D:4)
  Eustachio (D:5)
  Menkaure (D:5)
  Pargi (D:4)
  2 phantoms (D:5)
  Blork the orc (D:4)
  A bullfrog (D:5)
  A scorpion (D:5)
  A howler monkey (D:5)
  4 hounds
  Crazy Yiuf (D:4)
  2 orc priests
  Ijyb (D:5)
  A gnoll bouda (D:5)
  2 iguanas (D:5)
  2 orc wizards (D:3)
  5 adders
  3 gnolls (D:5)
  An ufetubus (D:4)
  2 worms
  2 dart slugs (D:1)
  12 orcs
  10 endoplasms
  4 giant cockroaches
  8 goblins
  6 hobgoblins
  9 jackals
  2 quokkas
  5 ball pythons
  4 bats
  2 frilled lizards
  7 kobolds
  2 rats
108 creatures vanquished.

Vanquished Creatures (others)
  14 plants (D:4)
14 creatures vanquished.

Grand Total: 122 creatures vanquished

Notes
Turn   | Place    | Note
-------+----------+-------------------------------------------
     0 | D:1      | om the Vampire Enchanter began the quest for the Orb.
     0 | D:1      | Reached XP level 1. HP: 13/13 MP: 3/3
   181 | D:1      | Reached XP level 2. HP: 19/19 MP: 5/5
   804 | D:1      | Gained mutation: You are afflicted with vampirism and can
                  | become a bat while bloodless. [Vampire growth]
   804 | D:1      | Reached XP level 3. HP: 16/24 MP: 6/6
   943 | D:1      | Found a faded altar of an unknown god.
   943 | D:1      | Noticed an Ice Fiend
  1176 | D:2      | Reached skill level 5 in Stealth
  1514 | D:2      | Reached skill level 5 in Hexes
  1987 | D:3      | Reached XP level 4. HP: 24/24 MP: 7/7
  2859 | D:3      | Reached XP level 5. HP: 20/28 MP: 8/8
  2867 | D:3      | Learned a level 1 spell: Slow
  2870 | D:3      | Learned a level 2 spell: Ensorcelled Hibernation
  2874 | D:3      | Learned a level 3 spell: Confusing Touch
  2876 | D:3      | Learned a level 1 spell: Magic Dart
  3184 | D:3      | Reached skill level 6 in Stealth
  3409 | D:4      | Noticed Grinder
  3761 | D:4      | Noticed Blork the orc
  3993 | D:4      | Killed Blork the orc
  3994 | D:4      | Reached skill level 5 in Short Blades
  3994 | D:4      | Reached XP level 6. HP: 32/32 MP: 4/9
  4106 | D:4      | Noticed Pargi
  4254 | D:4      | Killed Grinder
  4255 | D:4      | Reached skill level 7 in Stealth
  4258 | D:4      | Reached XP level 7. HP: 36/36 MP: 2/10
  4383 | D:4      | Killed Pargi
  4404 | D:4      | Identified the +7 sling "Arbiter" {vorpal, Fragile rN+
                  | Str+4 SInv}
  4455 | D:4      | Noticed Sigmund
  4771 | D:4      | Killed Sigmund
  4772 | D:4      | Reached skill level 1 in Armour
  4772 | D:4      | Reached skill level 8 in Stealth
  4820 | D:4      | Identified the +12 dagger of Prudence {freeze, Dex+2}
  4951 | D:4      | Found a runed translucent door.
  4952 | D:4      | Noticed Crazy Yiuf
  4978 | D:4      | Killed Crazy Yiuf
  5202 | D:5      | Entered Level 5 of the Dungeon
  5371 | D:5      | Found a staircase to the Ecumenical Temple.
  5445 | D:5      | Noticed Menkaure
  5458 | D:5      | Killed Menkaure
  5459 | D:5      | Reached skill level 9 in Stealth
  5459 | D:5      | Reached XP level 8. HP: 22/41 MP: 8/11
  5512 | D:5      | Noticed Ijyb
  5522 | D:5      | Killed Ijyb
  5575 | D:5      | Identified the +1 leather armour of Sorcery {-Cast rPois
                  | Str+7 Int-5}
  5710 | D:5      | Noticed Eustachio
  5715 | D:5      | Killed Eustachio
  5754 | D:5      | Reached skill level 10 in Stealth
  5825 | D:5      | Learned a level 3 spell: Tukima's Dance
  5985 | D:6      | Noticed a komodo dragon
  5995 | D:6      | Slain by a komodo dragon

Illustrated notes

Levels and vault maps discovered:
D:1:      lightli_iron_boxes, layout_basic,
          dreamdust_ecumenical_altar_sealed_demon, minmay_bisected
D:2:      layout_loops_ring
D:3:      layout_loops_ring
D:4:      layout_cave_pools, serial_bayou_ford_a, kennysheep_cross_room,
          minmay_misc_feat_secret_circle, uniq_pargi, uniq_sigmund,
          uniq_blork_the_orc, uniq_crazy_yiuf_cottage, uniq_grinder
D:5:      layout_rooms, minmay_temple_entry_trees, nicolae_eternal_life,
          kennysheep_generic_room_2, uniq_eustachio, uniq_ijyb, uniq_menkaure
D:6:      layout_cave_pools, lightli_temple_of_fire, grunt_ministairs_7,
          hangedman_abyss_or_decor_lesser_grid

Skill      XL: |  1  2  3  4  5  6  7  8 |
---------------+-------------------------+-----
Short Blades   | 2 3 5 6 7 8 |  8.3
Stealth        | 5 6 7 9 10 | 10.0
Hexes          | 5 |  5.0
Dodging        | 3 |  3.0
Armour         | 2 3 |  3.5
Spellcasting   | |  2.0

Action                   |  1- 3 |  4- 6 |  7- 9 || total
-------------------------+-------+-------+-------++-------
Melee: Dagger            |   129 |   102 |    84 ||   315
       Bite              |    11 |     9 |    11 ||    31
       Punch             |     1 |       |     1 ||     2
       Unarmed           |       |     1 |       ||     1
 Cast: Ensorcelled Hiber |       |    13 |     9 ||    22
       Confusing Touch   |       |     2 |     4 ||     6
       Slow              |       |     1 |       ||     1
 Abil: Exsanguinate      |     1 |       |       ||     1
       End Transformatio |       |     1 |       ||     1
       Bat Form          |       |     1 |       ||     1
  Use: Scroll            |     1 |     4 |       ||     5
       Potion            |       |     3 |     1 ||     4
 Stab: Sleeping          |    11 |    10 |    22 ||    43
       Confused          |       |     3 |     3 ||     6
       Distracted        |       |       |     1 ||     1
Armor: Robe              |    33 |    23 |       ||    56
       Troll leather arm |       |       |    11 ||    11
Dodge: Dodged            |    76 |    77 |    24 ||   177

Table legend: (Time is in decaauts)
 A = Elapsed time spent in this place.
 B = Non-inter-level travel time spent in this place.
 C = Inter-level travel time spent in this place.
 D = Time resting spent in this place.
 E = Time spent auto-exploring this place.
 F = Levels seen in this place.
 G = Mean time per level.
                   A        B        C        D        E       F      G
               +--------+--------+--------+--------+--------+-----+--------+
         Total |   5922 |   5690 |    232 |   1426 |   3057 |   6 |  987.0 |
       Dungeon |   5922 |   5690 |    232 |   1426 |   3057 |   6 |  987.0 |
               +--------+--------+--------+--------+--------+-----+--------+

Top non-repeatable levels by time:
     D:3: 1599 daAuts
     D:4: 1444 daAuts
     D:1: 1064 daAuts
     D:2: 1045 daAuts
     D:5: 761 daAuts
     D:6: 7 daAuts
